Map: Lightshade LE

Players

MaSa

  • Race: Terran Terran

Scarlett - Winner!

  • Race: Zerg Zerg

Event: DreamHack SC2 Masters 2021 Fall

VOD

Have the link to the VOD?

Description

Time

  • Played on: Aug. 5, 2021, 3:31 p.m.
  • Length: 12:31

All games in this series

Show
View Real Time Build Order
Export as new Build Order

MaSa Terran 

Build Orders: Reaper Expand, Banshee Rush 

Get SALT Encoding   

  12  0:00  SCV  
  13  0:12  SCV  
  14  0:17  Supply Depot  
  14  0:24  SCV  
  15  0:38  SCV  
  15  0:40  Barracks  
  16  0:43  Refinery  
  16  0:50  SCV  
  17  1:02  SCV  
  18  1:15  SCV  
  19  1:27  Reaper, Orbital Command  
  20  1:39  Command Center  
  20  1:47  Supply Depot  
  20  1:52  SCV  
  21  1:58  Marine  
  22  2:06  SCV  
  23  2:10  Factory  
  23  2:16  Marine  
  23  2:18  SCV  
  23  2:19  Bunker  
  25  2:24  Refinery  
  25  2:33  SCV  
  25  2:34  Marine  
  27  2:53  SCV  
  27  2:56  Starport, Factory Tech Lab  
  28  3:00  Orbital Command  
  28  3:01  Barracks Reactor  
  28  3:05  SCV  
  29  3:17  SCV  
  30  3:28  Command Center  
  30  3:29  SCV  
  30  3:30  SCV  
  32  3:35  Factory Tech Lab  
  32  3:40  Banshee  
  36  3:41  SCV  
  36  3:42  SCV  
  37  3:49  Cloaking Field  
  37  3:53  SCV  
  37  3:54  SCV  
  40  4:00  Barracks  
  38  4:05  SCV, Barracks  
  38  4:06  Supply Depot  
  38  4:07  SCV  
  38  4:08  Factory Reactor  
  40  4:15  Marine  
  40  4:16  Stimpack  
  41  4:17  SCV  
  41  4:20  SCV  
  43  4:27  Banshee  
  43  4:29  Supply Depot, SCV  
  43  4:30  Refinery  
  47  4:33  SCV  
  47  4:34  Marine  
  49  4:41  SCV, Engineering Bay  
  49  4:45  SCV  
  51  4:46  Orbital Command  
  51  4:47  Marine  
  52  4:54  SCV  
  52  4:57  SCV  
  54  5:00  Engineering Bay  
  54  5:01  Factory Reactor  
  54  5:02  Marine x4  
  54  5:06  SCV  
  59  5:09  SCV  
  59  5:13  Refinery  
  61  5:14  SCV  
  61  5:15  Marine, Supply Depot  
  61  5:18  SCV  
  63  5:23  Terran Infantry Weapons Level 1  
  63  5:24  Supply Depot  
  63  5:25  Starport Reactor  
  63  5:26  Terran Infantry Armor Level 1  
  63  5:27  Marine  
  64  5:28  Marine  
  64  5:29  Marine  
  64  5:30  Marine, Orbital Command  
  64  5:33  SCV  
  68  5:36  SCV  
  69  5:42  Marine  
  69  5:44  Marine, Widow Mine x2  
  69  5:45  SCV  
  69  5:46  Marine  
  77  5:52  SCV  
  77  5:53  Marine x2  
  80  6:00  Marine  
  80  6:02  Factory  
  81  6:04  Barracks  
  81  6:05  Widow Mine, Barracks  
  81  6:07  SCV x2  
  81  6:08  SCV  
  86  6:13  Medivac  
  86  6:14  Medivac  
  90  6:19  SCV  
  90  6:20  Supply Depot x2  
  90  6:21  SCV  
  90  6:22  SCV  
  93  6:27  Bunker  
  93  6:29  Supply Depot  
  93  6:30  Combat Shield  
  93  6:38  Supply Depot  
  93  6:40  Armory  
  93  6:41  Marine x2, SCV  
  93  6:42  Widow Mine x2  
  93  6:43  SCV  
  93  6:45  SCV  
  99  6:47  Marine x2  
  99  6:50  Widow Mine  
  99  6:53  SCV  
  104  6:55  SCV  
  104  6:56  Barracks Reactor x2  
  104  6:58  Supply Depot  
  105  7:01  Medivac  
  105  7:02  SCV, Medivac  
  105  7:03  Marine x2  
  112  7:12  Marine x2  
  112  7:13  Refinery, Supply Depot  
  112  7:14  Widow Mine x2  
  118  7:27  Marine  
  118  7:28  Marine x2  
  118  7:29  SCV, Widow Mine  
  121  7:30  Marine x2  
  121  7:31  Medivac x2  
  121  7:32  Supply Depot  
  121  7:36  Marine x2, Widow Mine  
  128  7:38  Widow Mine  
  128  7:39  Supply Depot  
  128  7:41  SCV  
  128  7:42  Terran Infantry Weapons Level 2  
  131  7:46  SCV x2  
  133  7:54  Marine x2, SCV  
  133  7:58  SCV, Supply Depot  
  137  8:01  Medivac  
  137  8:02  Terran Infantry Armor Level 2, Supply Depot x2  
  139  8:06  Marine x4  
  139  8:08  SCV  
  140  8:13  Marine x4  
  140  8:15  Widow Mine  
  140  8:16  SCV  
  140  8:17  SCV  
  148  8:20  SCV  
  149  8:30  Marine  
  149  8:31  Marine x3  
  149  8:33  SCV x2  
  151  8:36  Widow Mine  
  151  8:38  Command Center  
  151  8:40  Drilling Claws  
  142  8:41  Widow Mine  
  142  8:44  Liberator  
  142  8:45  SCV  
  142  8:47  Marine x2  
  146  8:54  SCV x2  
  148  8:56  Barracks  
  148  8:57  Barracks  
  148  9:00  Marine x4  
  148  9:01  Marine  
  146  9:04  Medivac  
  146  9:14  Marine x2, Marauder  
  146  9:15  SCV, Widow Mine  
  146  9:16  SCV  
  152  9:18  SCV  
  153  9:27  Medivac  
  153  9:29  Marine x5  
  153  9:30  Widow Mine x2  
  164  9:34  Marine, Liberator  
  164  9:35  Marine x2, Marauder  
  162  9:41  SCV  
  163  9:47  Marine x4  
  163  9:48  Marine  
  163  9:50  Concussive Shells, Barracks Tech Lab x2  
  161  9:54  Marine x2  
  161  9:57  Marauder, Liberator  
  160  10:00  Marine  
  160  10:01  SCV  
  160  10:05  Marine x4  
  165  10:15  Marine, Widow Mine x2  
  165  10:17  Liberator  
  165  10:18  Marauder  
  165  10:19  Marine x2  
  165  10:20  Marauder  
  179  10:24  Marauder  
  181  10:29  Marine x2  
  181  10:30  Marine x3  
  181  10:34  Marine  
  166  10:35  SCV  
  166  10:37  Marine x2  
  166  10:40  Marauder  
  166  10:41  Marauder  
  159  10:44  Marine  
  159  10:47  Marine x3  
  159  10:48  Marine x2, SCV  
  155  10:52  Marine  
  155  10:55  Marine  
  155  10:57  Marine  
  155  11:01  Marauder  
  155  11:02  Marine  
  155  11:03  Marauder  
  156  11:05  Marine x4  
  156  11:06  Marine  
  156  11:08  SCV x2  
  156  11:09  Marine, SCV  
  165  11:13  Marine  
  165  11:15  Marine  
  167  11:20  Marine, SCV x2  
  167  11:21  Planetary Fortress  
  167  11:22  Marine  
  167  11:23  Marine  
  167  11:24  Marine  
  167  11:25  Marine, Marauder  
  174  11:26  Marine  
  174  11:30  SCV  
  175  11:32  SCV  
  175  11:33  SCV, Medivac  
  178  11:42  Sensor Tower, Marauder  
  180  11:55  Marine x2, SCV  
  180  11:57  Marine x5, SCV  
  180  11:58  Marine, Marauder x2  
  178  12:03  Marine, Widow Mine  
  178  12:04  Widow Mine  
  178  12:08  SCV x2  
  167  12:13  Marine x2  
Show
View Real Time Build Order
Export as new Build Order

Scarlett Zerg - Winner!

Build Orders: Pool First 

Get SALT Encoding   

  12  0:00  Drone  
  13  0:12  Overlord  
  13  0:16  Drone  
  14  0:30  Drone x2  
  14  0:34  Drone  
  17  0:45  Extractor, Drone  
  17  0:48  Spawning Pool  
  16  0:56  Drone  
  17  1:08  Drone  
  18  1:17  Hatchery  
  17  1:20  Drone  
  18  1:36  Zergling x2  
  18  1:37  Queen  
  18  1:38  Zergling x2  
  22  1:45  Metabolic Boost  
  22  1:51  Overlord  
  22  2:10  Drone  
  22  2:13  Queen, Drone  
  26  2:28  Queen  
  26  2:29  Drone  
  29  2:30  Drone  
  29  2:36  Drone  
  30  2:48  Drone  
  30  2:49  Hatchery  
  30  2:50  Drone  
  30  2:52  Drone  
  30  2:57  Drone  
  32  3:00  Overlord  
  32  3:03  Drone  
  33  3:07  Zergling x4  
  35  3:22  Overlord  
  35  3:23  Queen, Drone x2  
  39  3:27  Drone  
  39  3:28  Drone  
  39  3:30  Drone  
  39  3:31  Drone  
  39  3:34  Drone  
  44  3:38  Overlord  
  44  3:45  Drone x3  
  47  3:53  Drone x2  
  49  4:00  Queen  
  49  4:02  Drone x6  
  57  4:06  Queen  
  59  4:11  Drone x3  
  59  4:14  Overlord  
  62  4:19  Drone  
  62  4:20  Drone  
  62  4:21  Overlord  
  64  4:30  Lair  
  64  4:32  Extractor  
  64  4:33  Drone  
  64  4:34  Drone x3, Baneling Nest  
  64  4:38  Drone  
  69  4:40  Drone x5  
  69  4:44  Queen  
  74  4:48  Drone x3  
  74  4:51  Overlord  
  77  4:56  Spore Crawler  
  77  4:58  Spore Crawler, Drone  
  77  4:59  Spore Crawler  
  75  5:00  Overlord x2  
  75  5:11  Extractor  
  75  5:12  Extractor  
  73  5:14  Zergling x10  
  73  5:18  Drone x4  
  73  5:19  Drone  
  73  5:20  Drone, Hatchery  
  83  5:26  Zergling x6  
  86  5:35  Centrifical Hooks  
  86  5:36  Overseer  
  86  5:42  Queen x3  
  90  5:49  Drone x3  
  92  5:50  Drone  
  92  5:56  Drone x8  
  97  6:05  Evolution Chamber x2  
  97  6:08  Overseer  
  95  6:14  Drone x2  
  95  6:16  Overlord x3  
  97  6:20  Hatchery  
  97  6:21  Overseer  
  97  6:22  Drone  
  97  6:23  Hatchery  
  96  6:32  Zerg Melee Weapons Level 1, Zerg Ground Armor Level 1  
  96  6:35  Drone x7  
  96  6:39  Zergling x2  
  104  6:40  Zergling x4  
  104  6:41  Baneling x8  
  104  6:42  Baneling x2  
  104  6:46  Queen  
  104  6:51  Drone x4  
  104  6:52  Spore Crawler  
  104  6:53  Zergling x10  
  112  7:03  Queen  
  114  7:11  Pneumatized Carapace  
  114  7:13  Queen  
  114  7:14  Overlord x3  
  116  7:15  Baneling x5  
  116  7:16  Baneling x9  
  113  7:35  Drone  
  113  7:36  Drone x18  
  127  7:39  Overlord x2  
  127  7:43  Baneling x9  
  127  7:50  Zergling x12  
  132  8:00  Zergling x2  
  132  8:01  Zergling x10  
  132  8:05  Zergling x14, Extractor, Hatchery  
  142  8:17  Zergling x12  
  148  8:23  Zergling x8  
  148  8:26  Spore Crawler  
  144  8:27  Spore Crawler  
  144  8:28  Drone x2  
  144  8:31  Drone x8  
  144  8:36  Zergling x8  
  144  8:38  Baneling x11, Spine Crawler  
  144  8:40  Spore Crawler  
  143  8:43  Zerg Melee Weapons Level 2, Zerg Ground Armor Level 2  
  143  8:46  Zergling x12, Infestation Pit, Hydralisk Den  
  143  8:48  Baneling x6  
  147  8:53  Extractor  
  147  8:55  Drone x3  
  149  8:56  Zergling x12  
  145  9:17  Spine Crawler  
  145  9:18  Drone x3, Spine Crawler  
  145  9:19  Drone x2, Spine Crawler  
  145  9:20  Extractor, Drone, Spine Crawler, Overlord  
  145  9:21  Extractor, Drone x2, Overlord x2  
  145  9:22  Zergling x18, Drone  
  157  9:25  Baneling x6  
  157  9:28  Zergling x22  
  164  9:36  Zergling x16  
  151  9:47  Zergling x2  
  151  9:48  Zergling x22  
  162  9:53  Lurker Den, Hive  
  162  9:54  Drone x2  
  162  9:55  Drone  
  157  10:02  Overseer  
  157  10:03  Zergling x20  
  163  10:08  Drone  
  163  10:10  Zergling x14  
  163  10:11  Baneling x2  
  163  10:12  Baneling x3, Overseer  
  171  10:14  Baneling x3  
  171  10:15  Baneling x2  
  171  10:17  Baneling x4  
  171  10:18  Baneling x3  
  171  10:23  Zergling x14  
  171  10:27  Zergling x6  
  171  10:28  Zergling x6  
  142  10:44  Zergling x38  
  156  10:52  Hatchery  
  147  10:58  Zergling x22  
  154  11:14  Seismic Spines  
  154  11:15  Baneling x19  
  148  11:26  Zergling x8  
  148  11:27  Zergling x18  
  162  11:36  Drone x4  
  164  11:42  Zergling x10  
  164  11:43  Zergling x18  
  177  11:52  Spore Crawler  
  173  12:00  Zergling x30  
  183  12:06  Zergling x10  
  171  12:16  Baneling x12  
  171  12:17  Baneling  

Tags
 
Add a new tag
Caveats
  • Supply blocks, unpowered buildings, or Contaminate may cause inaccurate times.
  • Supply counts are checked every 10 seconds.